 Dungeon Crawl Stone Soup version 0.28-a0-850-g09de17f5b5 (webtiles) character file.

Game seed: 10908083363262357298

4343 Crownlay the Cleaver (level 10, -10/84 HPs)
             Began as a Hill Orc Fighter on Nov 13, 2021.
             Was a Follower of Okawaru.
             Mangled by a death yak (21 damage)
             ... on level 7 of the Dungeon.
             The game lasted 00:16:49 (9862 turns).

Crownlay the Cleaver (Hill Orc Fighter)             Turns: 9862, Time: 00:16:49

Health: -10/84     AC: 11    Str: 23    XL:     10   Next: 34%
Magic:  17/17      EV: 11    Int:  8    God:    Okawaru [*.....]
Gold:   568        SH:  6    Dex: 10    Spells: 9/9 levels left

rFire   . . .      SeeInvis .   i - +2 hand axe (holy)
rCold   . . .      Faith    +   c - +0 buckler
rNeg    + . .      Spirit   .   b - +0 scale mail
rPois   .          Reflect  .   E - +0 helmet
rElec   .          Harm     .   (no cloak)
rCorr   .          Rampage  .   (no gloves)
Will    +....                   j - +0 pair of boots
Stlth   +.........              x - amulet of faith
HPRegen 0.24/turn               a - ring of willpower
MPRegen 0.15/turn               s - ring of positive energy

@: heroic, hasted, very quick
A: no striking features
a: Renounce Religion, Heroism


You were on level 7 of the Dungeon.
You worshipped Okawaru.
Okawaru was aware of your devotion.
You visited 2 branches of the dungeon, and saw 9 of its levels.
You also visited: Sewer.

You collected 568 gold pieces.

Inventory:

Hand Weapons
 i - a +2 hand axe of holy wrath (weapon)
Armour
 b - a +0 scale mail (worn)
 c - a +0 buckler (worn)
 j - a +0 pair of boots (worn)
 E - a +0 helmet (worn)
Jewellery
 a - a ring of willpower (left hand)
 s - a ring of positive energy (right hand)
 v - a ring of positive energy
 x - an amulet of faith (around neck)
 D - a ring of resist corrosion
Wands
 m - a wand of flame (10)
 o - a wand of polymorph (6)
 p - a wand of iceblast (3)
Scrolls
 f - a scroll of amnesia
 g - a scroll of noise {unknown}
 h - a scroll of blinking {unknown}
 l - 2 scrolls of enchant weapon {unknown}
 n - 2 scrolls of teleportation
 r - a scroll of identify
 u - a scroll of fog {unknown}
 y - a scroll of holy word {unknown}
 z - a scroll of magic mapping {unknown}
 A - a scroll of enchant armour {unknown}
 F - a scroll of immolation {unknown}
Potions
 d - 2 potions of might
 e - 4 potions of cancellation
 k - 2 potions of haste
 q - a potion of magic {unknown}
 t - a potion of lignification {unknown}
 w - 2 potions of invisibility {unknown}
 B - a potion of brilliance {unknown}
 C - a potion of heal wounds {unknown}


   Skills:
 * Level 6.4(11.4) Fighting
 - Level 14.0(19.0) Axes
 + Level 4.1(9.1) Armour
 + Level 5.2(10.2) Shields
 - Level 10.0 Invocations
 - Level 2.0 Evocations


You had 9 spell levels left.
You didn't know any spells.
Your spell library contained the following spells:

 Spells                   Type           Power      Damage    Failure   Level
 Apportation              Tloc           0%         N/A       67%         1
 Pain                     Necr           0%         1d4       67%         1
 Gell's Gravitas          Tloc           0%         N/A       96%         3
 Teleport Other           Tloc           0%         N/A       96%         3
 Petrify                  Tmut/Erth      0%         N/A       100%        4
 Agony                    Necr           0%         N/A       100%        5
 Excruciating Wounds      Necr           0%         N/A       100%        5
 Metabolic Englaciation   Hex/Ice        0%         N/A       100%        5
 Dispersal                Tloc           0%         N/A       100%        6
 Statue Form              Tmut/Erth      0%         N/A       100%        6
 Animate Skeleton         Necr           Unusable   N/A       N/A         1
 Summon Small Mammal      Summ           Unusable   N/A       N/A         1

Dungeon Overview and Level Annotations

Branches:
Dungeon (8/15)             Temple (1/1) D:6            Lair (0/6) D:8
  Sewer (visited)

Altars:
Ashenzari
Cheibriados
Makhleb
Nemelex Xobeh
Okawaru
Qazlal
Ru
Yredelemnul

Shops:
D:4 [   D:5 [   D:8 *


Message History

The death yak is lightly wounded.
You slash the death yak!
The death yak is moderately wounded.
The death yak closely misses you.
You hit the death yak.
The death yak is moderately wounded.
The death yak gores you!
You hit the death yak.
The death yak is moderately wounded.
You slash the death yak!
The death yak is heavily wounded.
The death yak gores you!!
You hit the death yak but do no damage.
The death yak is heavily wounded.
You hit the death yak but do no damage.
The death yak is heavily wounded.
The death yak gores you!
* * * LOW HITPOINT WARNING * * *
You hit the death yak.
The death yak is heavily wounded.
The death yak closely misses you. You block the death yak's attack.
You climb upwards.
There is a stone staircase leading down here.
You hit the death yak but do no damage.
The death yak is heavily wounded.
You hit the death yak.
The death yak is heavily wounded.
The death yak misses you.
You hit the death yak but do no damage.
The death yak is heavily wounded.
You hit the death yak but do no damage.
The death yak is heavily wounded.
The death yak gores you!
* * * LOW HITPOINT WARNING * * *
Unknown command.
The death yak snorts and paws the ground.
Unknown command.
You feel yourself speed up. The death yak gores you!!
You die...

.###..####.............## #......
.###....##...........(#####......
...#.##.........#.######.........
##.#.###...####...####...##......
##.#.# ##....###.......####.#####
##...# #......##.......>..[.#
###..# #...##.#..#.#######..#
.##..# #.#.##.#.##.# ##...#
..#..####.#....<@##.# #..#.####
..#..#<.....#....Y#.## #.##..#..
..#...........###....# #.###....
..#...........# ###..# #.# ###..
..............#####..####.# #..
.................###...#..# #..
..##..........##.........## #..
..##..........######....>### ###
.............##....#.......#####.


You could see a death yak.

Vanquished Creatures
  Pikel (D:6)
  Grinder (D:6)
  A shadow (D:8)
  5 yaks (D:6)
  Eustachio (D:6)
  A water moccasin (D:8)
  Duvessa (D:7)
  Pargi (Sewer)
  3 ice beasts
  A sky beast (D:6)
  2 black bears
  2 ogres
  2 centaurs
  A lemure (D:6)
  A phantom (D:6)
  3 bullfrogs
  A scorpion (D:4)
  A wyvern zombie (D:7)
  Dowan (D:7)
  A water moccasin zombie (D:5)
  A wyvern skeleton (D:6)
  2 water moccasin skeletons
  6 killer bees (D:8)
  A howler monkey (D:6)
  A bullfrog zombie (D:5)
  A jelly (D:5)
  3 hounds
  2 orc priests
  A bullfrog skeleton (D:5)
  An orc wizard (D:8)
  A killer bee zombie (D:7)
  8 gnolls
  7 adders
  3 river rats (D:8)
  2 white imps
  2 worms
  A dart slug (D:4)
  8 orcs
  7 ball pythons
  4 endoplasms
  8 giant cockroaches
  4 goblins
  6 hobgoblins
  10 jackals
  15 quokkas
  A bat (D:2)
  4 frilled lizards
  6 kobolds
  7 rats
154 creatures vanquished.

Notes
Turn   | Place    | Note
-------+----------+-------------------------------------------
     0 | D:1      | Crownlay the Hill Orc Fighter began the quest for the Orb.
     0 | D:1      | Reached XP level 1. HP: 19/19 MP: 1/1
    43 | D:1      | Reached skill level 3 in Axes
   118 | D:1      | Reached XP level 2. HP: 22/26 MP: 2/2
   441 | D:1      | Found a faded altar of an unknown god.
   814 | D:1      | Reached skill level 4 in Axes
   849 | D:1      | Reached XP level 3. HP: 26/31 MP: 3/3
  1907 | D:2      | Reached skill level 5 in Axes
  1907 | D:2      | Reached XP level 4. HP: 31/39 MP: 4/4
  2525 | D:3      | Reached skill level 6 in Axes
  2602 | D:3      | Reached XP level 5. HP: 42/45 MP: 5/5
  3262 | D:4      | Found a glowing drain.
  3290 | Sewer    | Entered a sewer
  3293 | Sewer    | Noticed Pargi
  3311 | Sewer    | Killed Pargi
  3312 | Sewer    | Reached skill level 7 in Axes
  3312 | Sewer    | Reached XP level 6. HP: 31/51 MP: 6/6
  3761 | D:4      | Reached skill level 8 in Axes
  3870 | D:4      | Found a burning altar of Makhleb.
  3870 | D:4      | Found a sparkling altar of Nemelex Xobeh.
  3871 | D:4      | Found a broken altar of Ashenzari.
  3973 | D:4      | Found Wugoto's Antique Armour Boutique.
  4204 | D:4      | Reached skill level 9 in Axes
  4413 | D:5      | Entered Level 5 of the Dungeon
  4432 | D:5      | Reached XP level 7. HP: 51/57 MP: 7/7
  4531 | D:5      | Reached skill level 1 in Invocations
  4804 | D:5      | Reached skill level 10 in Axes
  5507 | D:5      | Found Taximpio's Antique Armour Shoppe.
  5627 | D:6      | Reached skill level 11 in Axes
  5627 | D:6      | Reached XP level 8. HP: 42/64 MP: 10/10
  6097 | D:6      | Noticed Pikel
  6114 | D:6      | Killed Pikel
  6115 | D:6      | Reached skill level 12 in Axes
  6115 | D:6      | Reached skill level 5 in Invocations
  6251 | D:6      | Reached XP level 9. HP: 60/70 MP: 13/13
  6296 | D:6      | Noticed Eustachio
  6305 | D:6      | Reached skill level 13 in Axes
  6310 | D:6      | Killed Eustachio
  6426 | D:6      | Noticed Grinder
  6455 | D:6      | Killed Grinder
  6656 | D:6      | Reached skill level 14 in Axes
  6690 | D:6      | HP: 1/70 [yak (11)]
  6693 | D:6      | Reached skill level 10 in Invocations
  7047 | D:6      | Found a staircase to the Ecumenical Temple.
  7056 | Temple   | Entered the Ecumenical Temple
  7095 | Temple   | Became a worshipper of Warmaster Okawaru
  7559 | D:7      | Noticed Duvessa
  7580 | D:7      | Killed Duvessa
  7581 | D:7      | Reached skill level 5 in Fighting
  7581 | D:7      | Reached XP level 10. HP: 66/81 MP: 17/17
  7595 | D:7      | Noticed Dowan
  7615 | D:7      | Killed Dowan
  7849 | D:7      | Reached skill level 1 in Evocations
  7913 | D:7      | Found a basalt altar of Yredelemnul.
  8087 | D:8      | Found Aprycimm's Assorted Antiques.
  8200 | D:8      | Noticed a death yak
  8200 | D:8      | Noticed a death yak
  8552 | D:8      | Found a staircase to the Lair.
  8742 | D:8      | Reached * piety under Okawaru
  8743 | D:8      | Reached skill level 5 in Shields
  9812 | D:8      | Noticed a death yak
  9862 | D:7      | Mangled by a death yak

Illustrated notes

Levels and vault maps discovered:
D:1:      dpeg_arrival_more_subterranean_lakeside_camping, layout_basic,
          chequers_ecumenical_altar_grove, chequers_garden, minmay_unequal
D:2:      layout_rooms, kennysheep_nondescript, interstate_on_off,
          kennysheep_generic_room_13
D:3:      layout_basic, grunt_decor_one_mirror, kennysheep_decorative_pillar
D:4:      layout_loops_cross, gammafunk_temple_overflow_claw, serial_shops,
          nicolae_shop_crystal, gup_sewer_entry_pipe, kennysheep_generic_room_16
D:5:      layout_loops_cross, serial_shops, shop
D:6:      layout_loops_ring, minmay_temple_entry_butterflies, uniq_pikel,
          uniq_grinder, uniq_eustachio
D:7:      layout_rooms, mainiacjoe_overflow_surrounded_room, uniq_duvessa
D:8:      layout_cave_pods, dpeg_lair_monsters, serial_shops,
          nicolae_diamond_shop, serial_co_window_serial, co_window_corner_a,
          co_window_paths_b, co_window_paths_a, co_window_corner_a,
          co_window_of_opportunity_a, co_window_corner_b,
          co_window_unsneaky_path_b, co_window_unsneaky_path_b,
          co_window_4corner_a, co_window_paths_d, glass_columns_a,
          glass_columns_a, glass_columns_b, glass_columns_a, glass_columns_a,
          minivault_22
Temple:   dpeg_five_rooms_temple

Skill      XL: |  1  2  3  4  5  6  7  8  9 10 |
---------------+-------------------------------+-----
Axes           | 3 4 5 6 7 9 11 12 14 | 14.0
Shields        | 4 5 |  5.2
Invocations    | 3 6 10 | 10.0
Fighting       | 5 6 |  6.4
Evocations     | 2 |  2.0
Armour         | 4 |  4.1

Action                   |  1- 3 |  4- 6 |  7- 9 | 10-12 || total
-------------------------+-------+-------+-------+-------++-------
Melee: War axe           |    52 |       |       |       ||    52
       Hand axe          |    66 |   198 |   238 |   175 ||   677
Invok: Heroism           |       |       |       |     1 ||     1
Evoke: Wand              |       |       |     5 |     4 ||     9
  Use: Scroll            |       |     4 |     2 |       ||     6
       Potion            |       |       |     2 |     2 ||     4
Armor: Scale mail        |    59 |    70 |    68 |    40 ||   237
Dodge: Dodged            |    43 |    80 |    60 |    41 ||   224
Block: Buckler           |    24 |    48 |    30 |    25 ||   127

Table legend: (Time is in decaauts)
 A = Elapsed time spent in this place.
 B = Non-inter-level travel time spent in this place.
 C = Inter-level travel time spent in this place.
 D = Time resting spent in this place.
 E = Time spent auto-exploring this place.
 F = Levels seen in this place.
 G = Mean time per level.
                   A        B        C        D        E       F      G
               +--------+--------+--------+--------+--------+-----+--------+
         Total |   9726 |   9459 |    267 |   1100 |   6298 |  10 |  972.6 |
       Dungeon |   9365 |   9127 |    238 |   1100 |   6030 |   8 | 1170.6 |
        Temple |     68 |     39 |     29 |      0 |     34 |   1 |   68.0 |
         Sewer |    292 |    292 |      0 |      0 |    234 |   1 |  292.0 |
               +--------+--------+--------+--------+--------+-----+--------+

Top non-repeatable levels by time:
     D:8: 1718 daAuts
     D:6: 1584 daAuts
     D:1: 1340 daAuts
     D:5: 1284 daAuts
     D:2: 1050 daAuts
     D:4: 899 daAuts
     D:3: 853 daAuts
     D:7: 634 daAuts
   Sewer: 292 daAuts
  Temple: 68 daAuts
